 Dungeon Sprint DCSS version 0.21.2 (webtiles) character file.

56 Fang the Skirmisher (level 3, 0/27 HPs)
             Began as a Gargoyle Berserker on Dec 21, 2018.
             Was a Priest of Trog.
             Killed from afar by a white imp (12 damage)
             ... with a puff of frost
             ... in the Dungeon (Sprint VII: "The Pits").
             The game lasted 00:00:33 (333 turns).

Fang the Skirmisher (Gargoyle Berserker)             Turns: 333, Time: 00:00:34

Health: 0/27       AC: 15    Str: 21    XL:     3   Next: 95%
Magic:  3/3        EV:  8    Int:  7    God:    Trog [***...]
Gold:   0          SH:  0    Dex:  9    Spells: 2/2 levels left

rFire    . . .     SeeInvis .   m - +2 hand axe (freeze)
rCold    . . .     Gourm    .   (no shield)
rNeg     + . .     Faith    .   n - +3 chain mail
rPois    ∞         Spirit   .   (no helmet)
rElec    +         Reflect  .   (no cloak)
rCorr    .         Harm     .   (no gloves)
MR       .....     NoTele   +   (no boots)
Stlth    ..........             (no amulet)
HPRegen  0.09/turn              (no ring)
MPRegen  0.08/turn              (no ring)

@: no status effects
A: negative energy resistance 1, electricity resistance, unbreathing,
petrification resistance, rot immunity, AC +3
a: Berserk, Trog's Hand, Burn Spellbooks, Renounce Religion


You were in the Dungeon.
You worshipped Trog.
Trog was most pleased with you.
You were not hungry.

You visited 1 branch

Inventory:

Hand Weapons
 j - a +2 hand axe
 m - a +2 hand axe of freezing (weapon)
Armour
 b - a +0 animal skin
 n - a +3 chain mail (worn)
Scrolls
 i - a scroll of blinking
 k - 3 scrolls of remove curse
 l - a scroll of summoning
Potions
 a - 2 potions of invisibility
 d - 6 potions of curing
 e - 6 potions of heal wounds
 f - a potion of haste
 g - 4 potions of magic
 h - 3 potions of berserk rage
Comestibles
 c - 9 rations


   Skills:
 + Level 5.7 Fighting
 + Level 5.2 Axes
 + Level 3.0 Armour
 + Level 2.7 Dodging


You had 2 spell levels left.
You didn't know any spells.

Dungeon Overview and Level Annotations

Branches:
Dungeon (1/1)

Altars:


Innate Abilities, Weirdness & Mutations

You are resistant to torment.
Your stone body is resilient. (AC +3)
You are immune to poison.
You resist negative energy. (rN+)
You are resistant to electric shocks. (rElec)
You can survive without breathing.
You are immune to petrification.
You are immune to rotting.


Message History

The porcupine is moderately wounded.
The porcupine barely misses you.
You barely miss the porcupine.
The porcupine is moderately wounded.
You closely miss the white imp.
The porcupine bites you but does no damage.
The white imp hits you but does no damage.
The porcupine bites you.
You hit the porcupine. You freeze the porcupine.
The porcupine is severely wounded.
You hit the white imp.
The white imp hits you but does no damage.
The porcupine bites you but does no damage.
The white imp barely misses you.
You hit the porcupine. You freeze the porcupine.
The porcupine is almost dead.
You hit the white imp. The porcupine bites you. The white imp gestures at you.
The puff of frost hits you!
You die...

#.##)####'###.....
#.#........##.....
#.#........##.....
#.#####'#####...<.
#.#..[.))..##.....
#.#...)))..##.....
#'###########.....
#.5.....# ######
#@###...# #r# .#
#.# #.. #.. #...
####


You could see a porcupine and a white imp.

Vanquished Creatures
  A hound (D)
  A gnoll (D)
  An ooze (D)
  An adder skeleton (D)
  2 leopard geckos (D)
  An orc (D)
  A hobgoblin (D)
  A frilled lizard (D)
  A rat (D)
10 creatures vanquished.

Notes
Turn   | Place    | Note
-------+----------+-------------------------------------------
     0 | D        | Fang the Gargoyle Berserker began the quest for the Orb.
     0 | D        | Reached XP level 1. HP: 14/14 MP: 1/1
   125 | D        | Reached ** piety under Trog
   130 | D        | Noticed a hound
   134 | D        | Reached XP level 2. HP: 20/20 MP: 2/2
   140 | D        | Reached *** piety under Trog
   143 | D        | Reached skill level 5 in Fighting
   143 | D        | Reached XP level 3. HP: 16/26 MP: 3/3
   297 | D        | Reached skill level 5 in Axes
   325 | D        | Noticed a porcupine
   333 | D        | Killed from afar by a white imp

Skill      XL: |  1  2  3 |
---------------+----------+-----
Axes           | 3 4 5 |  5.2
Fighting       | 4 5 |  5.7
Dodging        | 2 |  2.7
Armour         | 3 |  3.0

Action                   || total
-------------------------++-------
Melee: Hand axe          ||    34
Armor: Animal skin       ||    11
       Chain mail        ||     9
Dodge: Dodged            ||    24
